Unix NetHack Version 3.7.0-64 Work-in-progress - last build Sep 20 2022 13:51:49 (2efdc47de06bbc12dbc956ebf73d51181633095d,branch:master).

Game began 2022-09-19 16:59:02, ended 2022-09-21 12:04:50.

rustyspoon, chaotic female orcish Rogue

  
unexplored area
unexplored area
unexplored area
unexplored area
unexplored area
unexplored area
unexplored area
unexplored area
unexplored area
unexplored area
unexplored area
unexplored area
unexplored area
unexplored area
unexplored area
unexplored area
unexplored area
unexplored area
unexplored area
unexplored area
unexplored area
unexplored area
unexplored area
unexplored area
unexplored area
unexplored area
unexplored area
unexplored area
unexplored area
unexplored area
unexplored area
unexplored area
unexplored area
unexplored area
unexplored area
unexplored area
unexplored area
unexplored area
wall
wall
wall
wall
unexplored area
unexplored area
unexplored area
unexplored area
unexplored area
unexplored area
unexplored area
unexplored area
unexplored area
unexplored area
unexplored area
unexplored area
unexplored area
unexplored area
unexplored area
wall
wall
wall
wall
wall
unexplored area
unexplored area
unexplored area
unexplored area
unexplored area
unexplored area
unexplored area
unexplored area
unexplored area
unexplored area
unexplored area
unexplored area
unexplored area
unexplored area
unexplored area
unexplored area
unexplored area
unexplored area
unexplored area
unexplored area
unexplored area
unexplored area
unexplored area
unexplored area
unexplored area
unexplored area
unexplored area
unexplored area
unexplored area
unexplored area
unexplored area
unexplored area
unexplored area
unexplored area
unexplored area
unexplored area
unexplored area
unexplored area
unexplored area
unexplored area
unexplored area
wall
wall
wall
wall
unexplored area
unexplored area
unexplored area
unexplored area
unexplored area
unexplored area
unexplored area
unexplored area
unexplored area
wall
wall
.dark part of a room
.dark part of a room
wall
wall
wall
unexplored area
unexplored area
unexplored area
unexplored area
unexplored area
unexplored area
unexplored area
unexplored area
unexplored area
unexplored area
unexplored area
unexplored area
wall
wall
.dark part of a room
wall
.dark part of a room
wall
wall
unexplored area
unexplored area
wall
wall
wall
unexplored area
unexplored area
unexplored area
unexplored area
unexplored area
unexplored area
unexplored area
unexplored area
unexplored area
unexplored area
unexplored area
unexplored area
unexplored area
unexplored area
unexplored area
unexplored area
unexplored area
unexplored area
unexplored area
unexplored area
unexplored area
unexplored area
unexplored area
unexplored area
unexplored area
unexplored area
unexplored area
unexplored area
unexplored area
unexplored area
unexplored area
unexplored area
unexplored area
wall
wall
wall
.dark part of a room
.dark part of a room
wall
wall
wall
unexplored area
unexplored area
unexplored area
unexplored area
unexplored area
wall
wall
wall
.dark part of a room
.dark part of a room
.dark part of a room
.dark part of a room
.dark part of a room
wall
unexplored area
unexplored area
unexplored area
unexplored area
unexplored area
unexplored area
unexplored area
unexplored area
unexplored area
wall
wall
wall
.dark part of a room
.dark part of a room
.dark part of a room
.dark part of a room
.dark part of a room
.dark part of a room
.dark part of a room
wall
wall
.dark part of a room
.dark part of a room
wall
wall
unexplored area
unexplored area
unexplored area
unexplored area
unexplored area
unexplored area
unexplored area
unexplored area
unexplored area
unexplored area
unexplored area
unexplored area
unexplored area
unexplored area
unexplored area
unexplored area
unexplored area
unexplored area
unexplored area
unexplored area
unexplored area
unexplored area
unexplored area
unexplored area
unexplored area
unexplored area
unexplored area
unexplored area
unexplored area
unexplored area
unexplored area
wall
wall
.dark part of a room
.dark part of a room
.dark part of a room
.dark part of a room
.dark part of a room
.dark part of a room
wall
wall
wall
wall
unexplored area
wall
.dark part of a room
.dark part of a room
.dark part of a room
.dark part of a room
.dark part of a room
.dark part of a room
.dark part of a room
.dark part of a room
wall
unexplored area
unexplored area
unexplored area
unexplored area
unexplored area
unexplored area
unexplored area
unexplored area
wall
.dark part of a room
wall
.dark part of a room
.dark part of a room
.dark part of a room
.dark part of a room
.dark part of a room
.dark part of a room
.dark part of a room
.dark part of a room
wall
wall
.dark part of a room
.dark part of a room
.dark part of a room
wall
wall
wall
unexplored area
unexplored area
unexplored area
unexplored area
unexplored area
unexplored area
unexplored area
unexplored area
unexplored area
unexplored area
unexplored area
unexplored area
unexplored area
unexplored area
unexplored area
unexplored area
unexplored area
unexplored area
unexplored area
unexplored area
unexplored area
unexplored area
unexplored area
unexplored area
unexplored area
unexplored area
unexplored area
unexplored area
unexplored area
wall
.dark part of a room
.dark part of a room
.dark part of a room
.dark part of a room
.dark part of a room
.dark part of a room
.dark part of a room
.dark part of a room
.dark part of a room
.dark part of a room
wall
wall
wall
.dark part of a room
.dark part of a room
.dark part of a room
.dark part of a room
.dark part of a room
.dark part of a room
.dark part of a room
wall
wall
unexplored area
unexplored area
unexplored area
unexplored area
unexplored area
unexplored area
wall
wall
.dark part of a room
.dark part of a room
.dark part of a room
.dark part of a room
.dark part of a room
.dark part of a room
.dark part of a room
.dark part of a room
.dark part of a room
.dark part of a room
.dark part of a room
.dark part of a room
.dark part of a room
.dark part of a room
.dark part of a room
.dark part of a room
.dark part of a room
.dark part of a room
wall
unexplored area
unexplored area
unexplored area
unexplored area
unexplored area
unexplored area
unexplored area
unexplored area
unexplored area
unexplored area
unexplored area
unexplored area
unexplored area
unexplored area
unexplored area
unexplored area
unexplored area
unexplored area
unexplored area
unexplored area
unexplored area
unexplored area
unexplored area
unexplored area
unexplored area
unexplored area
unexplored area
unexplored area
unexplored area
wall
wall
.dark part of a room
.dark part of a room
.dark part of a room
.dark part of a room
.dark part of a room
.dark part of a room
.dark part of a room
.dark part of a room
.dark part of a room
.dark part of a room
wall
wall
.dark part of a room
.dark part of a room
wall
wall
.dark part of a room
.dark part of a room
wall
wall
unexplored area
unexplored area
unexplored area
unexplored area
unexplored area
unexplored area
unexplored area
wall
.dark part of a room
.dark part of a room
.dark part of a room
.dark part of a room
.dark part of a room
.dark part of a room
.dark part of a room
.dark part of a room
.dark part of a room
.dark part of a room
.dark part of a room
.dark part of a room
.dark part of a room
.dark part of a room
.dark part of a room
.dark part of a room
.dark part of a room
.dark part of a room
.dark part of a room
wall
unexplored area
unexplored area
unexplored area
unexplored area
unexplored area
unexplored area
unexplored area
unexplored area
unexplored area
unexplored area
wall
wall
wall
wall
unexplored area
unexplored area
unexplored area
unexplored area
unexplored area
unexplored area
unexplored area
unexplored area
unexplored area
unexplored area
unexplored area
unexplored area
unexplored area
wall
wall
wall
wall
wall
wall
wall
.dark part of a room
.dark part of a room
.dark part of a room
.dark part of a room
>staircase down
.dark part of a room
.floor of a room
.floor of a room
.floor of a room
.dark part of a room
wall
wall
wall
wall
wall
wall
unexplored area
wall
wall
wall
wall
wall
wall
wall
wall
.dark part of a room
.dark part of a room
.dark part of a room
.dark part of a room
.dark part of a room
.dark part of a room
.dark part of a room
.dark part of a room
.dark part of a room
.dark part of a room
.dark part of a room
.dark part of a room
.dark part of a room
.dark part of a room
.dark part of a room
)a curved sword
.dark part of a room
wall
wall
wall
wall
wall
wall
unexplored area
unexplored area
unexplored area
unexplored area
unexplored area
wall
wall
wall
.dark part of a room
.dark part of a room
wall
unexplored area
unexplored area
unexplored area
unexplored area
unexplored area
unexplored area
unexplored area
unexplored area
unexplored area
unexplored area
unexplored area
wall
wall
wall
.dark part of a room
.dark part of a room
.dark part of a room
.dark part of a room
.dark part of a room
.dark part of a room
.dark part of a room
.dark part of a room
wall
wall
wall
wall
.floor of a room
.floor of a room
.floor of a room
(a pick-axe
wall
unexplored area
unexplored area
unexplored area
unexplored area
wall
wall
wall
.dark part of a room
.dark part of a room
.dark part of a room
.dark part of a room
.dark part of a room
.dark part of a room
.dark part of a room
.dark part of a room
.dark part of a room
.dark part of a room
.dark part of a room
.dark part of a room
.dark part of a room
wall
.dark part of a room
.dark part of a room
.dark part of a room
.dark part of a room
.dark part of a room
.dark part of a room
.dark part of a room
.dark part of a room
.dark part of a room
wall
wall
wall
wall
.dark part of a room
.dark part of a room
wall
wall
unexplored area
unexplored area
unexplored area
unexplored area
wall
.dark part of a room
.dark part of a room
.dark part of a room
.dark part of a room
wall
wall
unexplored area
unexplored area
unexplored area
unexplored area
unexplored area
unexplored area
wall
.dark part of a room
wall
wall
wall
.dark part of a room
.dark part of a room
.dark part of a room
wall
wall
wall
wall
wall
wall
wall
wall
unexplored area
unexplored area
wall
lit corridor
lit corridor
.floor of a room
wall
wall
unexplored area
unexplored area
unexplored area
wall
wall
.dark part of a room
.dark part of a room
.dark part of a room
wall
wall
wall
wall
wall
wall
wall
wall
wall
wall
wall
.dark part of a room
wall
unexplored area
unexplored area
.dark part of a room
.dark part of a room
.dark part of a room
.dark part of a room
.dark part of a room
.dark part of a room
.dark part of a room
.dark part of a room
wall
wall
.dark part of a room
.dark part of a room
.dark part of a room
.dark part of a room
wall
unexplored area
unexplored area
unexplored area
unexplored area
wall
.dark part of a room
.dark part of a room
.dark part of a room
.dark part of a room
.dark part of a room
wall
wall
wall
wall
wall
wall
wall
wall
.dark part of a room
.dark part of a room
.dark part of a room
.dark part of a room
.dark part of a room
.dark part of a room
.dark part of a room
.dark part of a room
.dark part of a room
wall
wall
unexplored area
wall
wall
wall
wall
wall
wall
wall
lit corridor
wall
wall
wall
wall
wall
wall
wall
.dark part of a room
.dark part of a room
.dark part of a room
.dark part of a room
wall
unexplored area
unexplored area
unexplored area
unexplored area
unexplored area
unexplored area
unexplored area
unexplored area
unexplored area
wall
.dark part of a room
wall
unexplored area
unexplored area
wall
wall
^dart trap
.dark part of a room
.dark part of a room
.dark part of a room
.dark part of a room
.dark part of a room
.dark part of a room
wall
.dark part of a room
.dark part of a room
.dark part of a room
wall
wall
unexplored area
wall
unexplored area
unexplored area
wall
wall
.dark part of a room
.dark part of a room
.dark part of a room
.dark part of a room
.dark part of a room
.dark part of a room
.dark part of a room
.dark part of a room
.dark part of a room
.dark part of a room
.dark part of a room
.dark part of a room
.dark part of a room
.dark part of a room
.dark part of a room
.dark part of a room
.dark part of a room
.dark part of a room
.dark part of a room
.dark part of a room
.dark part of a room
.dark part of a room
wall
wall
wall
.dark part of a room
.dark part of a room
.dark part of a room
.dark part of a room
.floor of a room
Cmountain centaur
.floor of a room
<staircase up
.floor of a room
*a rock
.dark part of a room
.dark part of a room
.dark part of a room
.dark part of a room
.dark part of a room
.dark part of a room
.dark part of a room
.dark part of a room
wall
unexplored area
unexplored area
unexplored area
unexplored area
unexplored area
unexplored area
unexplored area
unexplored area
unexplored area
wall
.dark part of a room
wall
unexplored area
unexplored area
unexplored area
wall
wall
.dark part of a room
.dark part of a room
.dark part of a room
.dark part of a room
.dark part of a room
.dark part of a room
wall
wall
.dark part of a room
.dark part of a room
wall
wall
wall
.dark part of a room
.dark part of a room
wall
unexplored area
wall
.dark part of a room
.dark part of a room
.dark part of a room
.dark part of a room
.dark part of a room
.dark part of a room
.dark part of a room
.dark part of a room
.dark part of a room
.dark part of a room
.dark part of a room
.dark part of a room
(a figurine of a vampire bat
.dark part of a room
.dark part of a room
.dark part of a room
.dark part of a room
.dark part of a room
.dark part of a room
.dark part of a room
.dark part of a room
.dark part of a room
.dark part of a room
.dark part of a room
.dark part of a room
.dark part of a room
wall
wall
)a curved sword
wall
.floor of a room
wall
.floor of a room
.floor of a room
.dark part of a room
.dark part of a room
.dark part of a room
.dark part of a room
.dark part of a room
.dark part of a room
^hole
.dark part of a room
wall
wall
unexplored area
unexplored area
unexplored area
unexplored area
unexplored area
unexplored area
unexplored area
unexplored area
unexplored area
wall
.dark part of a room
wall
unexplored area
unexplored area
unexplored area
unexplored area
wall
wall
.dark part of a room
wall
.dark part of a room
wall
wall
wall
wall
wall
corridor
.dark part of a room
.dark part of a room
.dark part of a room
.dark part of a room
.dark part of a room
wall
unexplored area
wall
wall
.dark part of a room
.dark part of a room
.dark part of a room
.dark part of a room
wall
wall
wall
wall
wall
.dark part of a room
.dark part of a room
.dark part of a room
.dark part of a room
.dark part of a room
.dark part of a room
.dark part of a room
.dark part of a room
.dark part of a room
.dark part of a room
.dark part of a room
wall
wall
wall
wall
wall
wall
.dark part of a room
.dark part of a room
.dark part of a room
.floor of a room
.dark part of a room
wall
.dark part of a room
wall
.dark part of a room
wall
.dark part of a room
wall
.dark part of a room
.dark part of a room
wall
wall
unexplored area
unexplored area
unexplored area
unexplored area
unexplored area
unexplored area
unexplored area
unexplored area
unexplored area
unexplored area
wall
.dark part of a room
wall
unexplored area
unexplored area
unexplored area
unexplored area
unexplored area
wall
.dark part of a room
wall
wall
wall
unexplored area
unexplored area
unexplored area
stone
wall
wall
.dark part of a room
.dark part of a room
wall
.dark part of a room
wall
unexplored area
unexplored area
wall
wall
wall
wall
.dark part of a room
.dark part of a room
.dark part of a room
.dark part of a room
wall
wall
.dark part of a room
.dark part of a room
.dark part of a room
.dark part of a room
.dark part of a room
.dark part of a room
.dark part of a room
.dark part of a room
.dark part of a room
.dark part of a room
.dark part of a room
wall
wall
wall
wall
^bear trap
.dark part of a room
.dark part of a room
.dark part of a room
.dark part of a room
wall
wall
wall
wall
wall
wall
wall
wall
wall
wall
wall
wall
unexplored area
unexplored area
unexplored area
unexplored area
unexplored area
unexplored area
unexplored area
unexplored area
unexplored area
unexplored area
unexplored area
wall
.dark part of a room
wall
unexplored area
unexplored area
unexplored area
unexplored area
unexplored area
wall
.dark part of a room
wall
unexplored area
unexplored area
unexplored area
unexplored area
unexplored area
unexplored area
unexplored area
wall
.dark part of a room
.dark part of a room
.dark part of a room
.dark part of a room
wall
unexplored area
unexplored area
unexplored area
unexplored area
unexplored area
wall
wall
.dark part of a room
.dark part of a room
.dark part of a room
.dark part of a room
.dark part of a room
.dark part of a room
.dark part of a room
.dark part of a room
.dark part of a room
.dark part of a room
.dark part of a room
.dark part of a room
.dark part of a room
wall
wall
corridor
.dark part of a room
.dark part of a room
^dart trap
.dark part of a room
.dark part of a room
.dark part of a room
.dark part of a room
.dark part of a room
.dark part of a room
.dark part of a room
.dark part of a room
.dark part of a room
.dark part of a room
wall
wall
wall
wall
wall
wall
wall
wall
wall
unexplored area
unexplored area
unexplored area
unexplored area
unexplored area
unexplored area
unexplored area
unexplored area
wall
wall
wall
.dark part of a room
wall
unexplored area
unexplored area
unexplored area
unexplored area
unexplored area
wall
.dark part of a room
wall
unexplored area
unexplored area
unexplored area
unexplored area
unexplored area
unexplored area
unexplored area
wall
wall
wall
.dark part of a room
.dark part of a room
wall
unexplored area
unexplored area
unexplored area
unexplored area
unexplored area
unexplored area
wall
wall
.dark part of a room
.dark part of a room
.dark part of a room
.dark part of a room
.dark part of a room
.dark part of a room
.dark part of a room
.dark part of a room
.dark part of a room
.dark part of a room
.dark part of a room
.dark part of a room
wall
stone
wall
corridor
.dark part of a room
wall
wall
.dark part of a room
.dark part of a room
.dark part of a room
.dark part of a room
.dark part of a room
wall
wall
wall
.dark part of a room
.dark part of a room
.dark part of a room
.dark part of a room
.dark part of a room
*a stone
.dark part of a room
.dark part of a room
.dark part of a room
wall
unexplored area
unexplored area
unexplored area
unexplored area
unexplored area
unexplored area
unexplored area
unexplored area
wall
.dark part of a room
.dark part of a room
.dark part of a room
wall
unexplored area
unexplored area
unexplored area
unexplored area
unexplored area
wall
.dark part of a room
wall
unexplored area
unexplored area
unexplored area
wall
wall
wall
unexplored area
unexplored area
wall
wall
.dark part of a room
wall
wall
unexplored area
unexplored area
unexplored area
unexplored area
unexplored area
unexplored area
unexplored area
wall
.dark part of a room
.dark part of a room
wall
wall
.dark part of a room
wall
wall
.dark part of a room
wall
.dark part of a room
.dark part of a room
wall
wall
wall
wall
.dark part of a room
wall
wall
wall
wall
wall
wall
wall
.dark part of a room
.dark part of a room
.dark part of a room
.dark part of a room
.dark part of a room
.dark part of a room
.dark part of a room
.dark part of a room
wall
wall
wall
.dark part of a room
.dark part of a room
wall
wall
wall
unexplored area
unexplored area
unexplored area
unexplored area
unexplored area
unexplored area
wall
.dark part of a room
.dark part of a room
.dark part of a room
wall
unexplored area
unexplored area
unexplored area
unexplored area
unexplored area
wall
.dark part of a room
wall
unexplored area
unexplored area
wall
wall
.dark part of a room
wall
wall
wall
wall
.dark part of a room
.dark part of a room
wall
unexplored area
unexplored area
unexplored area
unexplored area
unexplored area
unexplored area
unexplored area
unexplored area
wall
wall
wall
wall
wall
wall
wall
wall
wall
wall
wall
wall
wall
unexplored area
wall
.dark part of a room
.dark part of a room
wall
wall
unexplored area
unexplored area
unexplored area
unexplored area
wall
.dark part of a room
.dark part of a room
.dark part of a room
.dark part of a room
)a dart
.dark part of a room
.dark part of a room
wall
wall
unexplored area
wall
.dark part of a room
.dark part of a room
.dark part of a room
.dark part of a room
wall
unexplored area
unexplored area
unexplored area
unexplored area
unexplored area
wall
wall
.dark part of a room
.dark part of a room
.dark part of a room
wall
unexplored area
unexplored area
unexplored area
wall
wall
wall
.dark part of a room
wall
unexplored area
unexplored area
wall
.dark part of a room
.dark part of a room
.dark part of a room
.dark part of a room
wall
.dark part of a room
.dark part of a room
wall
wall
unexplored area
unexplored area
unexplored area
unexplored area
unexplored area
unexplored area
unexplored area
unexplored area
unexplored area
unexplored area
unexplored area
unexplored area
unexplored area
unexplored area
unexplored area
unexplored area
unexplored area
unexplored area
unexplored area
unexplored area
unexplored area
unexplored area
wall
.dark part of a room
.dark part of a room
.dark part of a room
wall
unexplored area
unexplored area
unexplored area
unexplored area
wall
.dark part of a room
.dark part of a room
.dark part of a room
.dark part of a room
.dark part of a room
.dark part of a room
.dark part of a room
wall
unexplored area
unexplored area
wall
wall
.dark part of a room
.dark part of a room
.dark part of a room
wall
unexplored area
unexplored area
unexplored area
unexplored area
unexplored area
wall
.dark part of a room
.dark part of a room
.dark part of a room
wall
wall
unexplored area
unexplored area
unexplored area
wall
.dark part of a room
.dark part of a room
.dark part of a room
wall
wall
wall
wall
wall
wall
.dark part of a room
.dark part of a room
wall
.dark part of a room
wall
wall
unexplored area
unexplored area
unexplored area
unexplored area
unexplored area
unexplored area
unexplored area
unexplored area
unexplored area
unexplored area
unexplored area
unexplored area
unexplored area
unexplored area
unexplored area
unexplored area
unexplored area
unexplored area
unexplored area
unexplored area
unexplored area
unexplored area
unexplored area
wall
wall
.dark part of a room
.dark part of a room
wall
unexplored area
unexplored area
unexplored area
unexplored area
unexplored area
wall
wall
wall
.dark part of a room
wall
wall
wall
unexplored area
unexplored area
unexplored area
unexplored area
wall
wall
wall
wall
wall
unexplored area
unexplored area
unexplored area
unexplored area
unexplored area
wall
wall
wall
wall
wall
unexplored area
unexplored area
unexplored area
unexplored area
wall
wall
.dark part of a room
.dark part of a room
.dark part of a room
(a beartrap
.dark part of a room
.dark part of a room
.dark part of a room
.dark part of a room
.dark part of a room
.dark part of a room
.dark part of a room
.dark part of a room
wall
unexplored area
unexplored area
unexplored area
unexplored area
unexplored area
unexplored area
unexplored area
unexplored area
unexplored area
unexplored area
unexplored area
unexplored area
unexplored area
unexplored area
unexplored area
unexplored area
unexplored area
unexplored area
unexplored area
unexplored area
unexplored area
unexplored area
unexplored area
unexplored area
unexplored area
wall
wall
wall
wall
unexplored area
unexplored area
unexplored area
unexplored area
unexplored area
unexplored area
unexplored area
wall
wall
wall
unexplored area
unexplored area
unexplored area
unexplored area
unexplored area
unexplored area
unexplored area
unexplored area
unexplored area
unexplored area
unexplored area
unexplored area
unexplored area
unexplored area
unexplored area
unexplored area
unexplored area
unexplored area
unexplored area
unexplored area
unexplored area
unexplored area
unexplored area
unexplored area
unexplored area
unexplored area
wall
wall
wall
wall
wall
wall
wall
wall
wall
wall
wall
wall
wall
wall
unexplored area
unexplored area
unexplored area
[Rustyspoon the Pilferer ] St:18 Dx:17 Co:18 In:12 Wi:13 Ch:7 Chaotic Dlvl:8 $:0 HP:0(79) Pw:44(44) AC:0 Xp:10 T:19792 Burdened

Latest messages:

(For instructions type a '?')
The mountain centaur swings her elven bow.
The mountain centaur hits!
The mountain centaur kicks!
The mountain centaur kicks!
You can't go up here.
You hit the mountain centaur!
The mountain centaur swings her elven bow.
The mountain centaur hits!
The mountain centaur kicks!
The mountain centaur misses!
The mountain centaur swings her elven bow.
The mountain centaur misses!
The mountain centaur kicks!
The mountain centaur just misses!
You hit the mountain centaur!
The mountain centaur swings her elven bow.
The mountain centaur hits!
The mountain centaur kicks!
The mountain centaur kicks!
The mountain centaur swings her elven bow.
The mountain centaur hits!
The mountain centaur kicks!
The mountain centaur kicks!
The mountain centaur swings her elven bow.
The mountain centaur misses!
The mountain centaur misses!
The mountain centaur misses!
In what direction?
You throw 2 daggers named !c.
The 1st dagger named !c hits the mountain centaur!
The 2nd dagger named !c hits the mountain centaur!
The mountain centaur swings her elven bow.
The mountain centaur hits!
The mountain centaur kicks!
The mountain centaur kicks!
The mountain centaur swings her elven bow.
The mountain centaur hits!
The mountain centaur misses!
The mountain centaur kicks!
In what direction?
The dagger named !c hits the mountain centaur!
The mountain centaur swings her elven bow.
The mountain centaur hits!
The mountain centaur kicks!
The mountain centaur kicks!
The mountain centaur swings her elven bow.
The mountain centaur hits!
You die...
Do you want your possessions identified? [ynq] (y)

Inventory:

Weapons

a - an uncursed +0 elven broadsword named !c (weapon in hand)
w - 2 uncursed +0 elven daggers named !c (alternate weapons; not wielded)
Q - 7 uncursed +0 daggers named !c (at the ready)
W - an uncursed +0 elven dagger

Armor

B - an uncursed +1 leather armor (being worn)
C - an uncursed +0 cloak of invisibility (being worn)
D - an uncursed +0 pair of iron shoes (being worn)
F - a blessed +1 orcish helm (being worn)
G - an uncursed +0 elven shield (being worn)

Comestibles

L - an uncursed lizard corpse named KFC

Rings

x - a cursed -2 ring of adornment
H - an uncursed +2 ring of gain constitution (on right hand)

Wands

c - an uncursed wand of teleportation (0:5)
y - a cursed wand of striking (0:0)
U - a cursed wand of teleportation (0:3)

Tools

b - a blessed bag of holding containing 89 items
e - an uncursed stethoscope
f - an uncursed magic whistle
g - an uncursed leash
k - an uncursed skeleton key
t - a cursed towel
u - an uncursed +0 unicorn horn
v - a cursed magic lamp (lit)

Contents of the bag of holding:

6339 gold pieces
an uncursed +0 elven dagger named !c
a cursed +0 dwarvish iron helm
an uncursed +0 helm of brilliance named !c
a cursed +0 pair of leather gloves
a cursed -3 pair of iron shoes
an uncursed +0 elven cloak
a blessed +0 mummy wrapping
a cursed +0 Hawaiian shirt with a hula dancer motif
a cursed -2 dwarvish mithril-coat
8 uncursed food rations
3 uncursed tripe rations
a cursed scroll of destroy armor
a cursed scroll of punishment
a cursed scroll of charging
an uncursed scroll of gold detection
2 uncursed scrolls of fire
a cursed scroll of magic mapping
an uncursed scroll of stinking cloud
an uncursed scroll of enchant weapon
a cursed scroll of enchant weapon
an uncursed scroll of enchant armor
5 uncursed scrolls of identify
2 uncursed scrolls of light
4 uncursed scrolls of blank paper
a cursed scroll of blank paper
an uncursed scroll of create monster
an uncursed scroll of earth
2 blessed scrolls of teleportation
2 uncursed scrolls of teleportation
a cursed potion of monster detection
a cursed potion of invisibility
a cursed potion of sleeping
a blessed potion of sleeping
an uncursed potion of extra healing
a cursed potion of extra healing
2 cursed potions of speed
an uncursed potion of levitation
an uncursed potion of gain ability
an uncursed potion of gain ability
an uncursed potion of booze
4 uncursed potions of fruit juice
a cursed potion of fruit juice
a potion of holy water
an uncursed potion of water
a blessed potion of object detection
an uncursed potion of object detection
a cursed ring of hunger named cursed
a cursed ring of warning named cursed
an uncursed ring of shock resistance
an uncursed ring of shock resistance
an uncursed ring of polymorph control
an uncursed ring of teleport control
an uncursed wand of nothing (0:7)
an uncursed wand of probing (0:7)
an uncursed wand of cold (0:2)
an uncursed wand of digging (0:4)
an uncursed wand of digging (0:4)
an uncursed wand of light (0:11)
an uncursed wand of light (0:11)
an uncursed wand of magic missile (0:2)
an uncursed wand of magic missile (0:0)
an uncursed wand of striking (0:3)
an uncursed wand of striking (0:0)
an uncursed wand of striking (0:0)
an uncursed wand of striking named empty (0:0)
an uncursed wand of striking (0:0)
an empty uncursed sack named cancellation
7 uncursed wax candles
5 uncursed tallow candles
an uncursed oil lamp
a cursed oil lamp
a cursed magic marker (0:88)
an uncursed +0 pick-axe
an uncursed +0 unicorn horn
an uncursed +0 unicorn horn
an uncursed +0 unicorn horn
2 uncursed worthless pieces of black glass
3 uncursed worthless pieces of blue glass
3 uncursed jade stones
an uncursed turquoise stone
2 uncursed worthless pieces of green glass
5 uncursed worthless pieces of orange glass
a cursed worthless piece of orange glass
2 uncursed worthless pieces of red glass
an uncursed garnet stone
2 uncursed worthless pieces of yellowish brown glass
an uncursed worthless piece of yellow glass
a cursed worthless piece of yellow glass

Rustyspoon the Rogue's attributes:


Background:

You were a Pilferer, a level 10 female orcish Rogue.
You were chaotic, on a mission for Kos
who was opposed by Issek (lawful) and Mog (neutral).
You were in the Gnomish Mines, on level 8.
You entered the dungeon 19792 turns ago.
You had 5848 experience points, 4152 more were needed to attain level 11.

Basics:

You had 0 out of 79 hit points.
You had all 44 energy points (spell power).
Your armor class was 0.
Your wallet was empty.
Autopickup was off.

Final Characteristics:

Your strength was 18 (limit:18/50).
Your dexterity was 17 (peak:18, limit:18).
Your constitution was 18 (base:16, limit:18).
Your intelligence was 12 (limit:16).
Your wisdom was 13 (limit:16).
Your charisma was 7 (limit:16).

Final Status:

You were not hungry.
You were burdened; movement was slightly slowed.
You were wielding a broadsword.
You were skilled in broadsword.

Final Attributes:

You were piously aligned.
You were poison resistant.
You were telepathic.
You had automatic searching.
You had infravision.
You were invisible.
You were stealthy.
You were warded.
You were lucky.
You are dead.

Miscellaneous:
You encountered 1 bones level.
Total elapsed playing time was 1 hour, 59 minutes and 35 seconds.

Major events:

Turn

1: rustyspoon the chaotic female orcish Rogue entered the dungeon
1578: entered the Gnomish Mines
1911: attained the rank of Cutpurse (level 3)
4848: attained the rank of Rogue (level 6)
8171: entered Sokoban
9278: completed 1st Sokoban level
10332: completed 2nd Sokoban level
11545: completed 3rd Sokoban level
13075: completed 4th Sokoban level
14946: acquired the Sokoban bag of holding
17476: attained the rank of Pilferer (level 10)
19713: destroyed MoonPig's ghost, the former Excursionist
19792: killed by a mountain centaur

Vanquished creatures:

a ghost
2 giant mimics
a wumpus
an earth elemental
a small mimic
2 xans
an ogre leader
a freezing sphere
a flaming sphere
a tiger
a gargoyle
a dwarf ruler
a tengu
2 ochre jellies
an energy vortex
an elf mummy
a human mummy
a python
a pit viper
2 wraiths
2 ettin zombies
a Grey-elf
3 soldiers
2 chameleons
2 giant beetles
2 quivering blobs
4 cockatrices
2 winter wolf cubs
a lynx
a panther
a gremlin
6 leprechauns
9 orc-captains
2 mumakil
a giant spider
3 horses
2 ice vortices
2 dwarf mummies
a rust monster
4 owlbears
2 yetis
a gold golem
2 werewolves
a Green-elf
4 lizards
a chickatrice
3 housecats
3 jaguars
3 dwarf leaders
a blue jelly
2 white unicorns
2 gray unicorns
2 dust vortices
2 snakes
10 apes
a human zombie
a rope golem
2 Woodland-elves
3 soldier ants
a fire ant
2 wood nymphs
2 water nymphs
a mountain nymph
3 Mordor orcs
3 Uruk-hai
5 orc shamans
3 rock piercers
3 rock moles
2 ponies
2 fog clouds
2 yellow lights
2 shriekers
5 violet fungi
10 gnome leaders
3 gnomish wizards
2 kobold mummies
a red naga hatchling
a barrow wight
2 elf zombies
4 ghouls
3 paper golems
7 giant ants
2 little dogs
7 floating eyes
7 dwarves
2 homunculi
2 kobold leaders
a kobold shaman
19 hill orcs
3 rothes
3 giant bats
2 monkeys
3 orc zombies
3 dwarf zombies
a wererat
a werejackal
5 iguanas
29 killer bees
6 acid blobs
4 coyotes
a gas spore
10 hobbits
3 manes
2 large kobolds
6 hobgoblins
6 giant rats
7 cave spiders
5 yellow molds
a green mold
a red mold
26 gnomes
a gnome zombie
12 geckos
8 jackals
4 foxes
a kobold
10 goblins
5 sewer rats
25 grid bugs
6 bats
8 lichens
3 kobold zombies
13 newts
454 creatures vanquished.
No species were genocided or became extinct.

Voluntary challenges:

You read items or engraved 17 times.
You engraved Elbereth 10 times.
You never genocided any monsters.
You never polymorphed an object.
You used no wishes.
You did not violate any of the special Sokoban rules.

Achievements:

You entered a shop.
You entered the Gnomish Mines.
You attained the rank of Cutpurse.
You attained the rank of Rogue.
You entered Sokoban.
You completed Sokoban.
You attained the rank of Pilferer.

The Dungeons of Doom: levels 1 to 8

   Level 1:
Level 2:
A general store, a fountain.
Level 3:
A weapon shop, a fountain.
Level 4:
A delicatessen.
Stairs down to The Gnomish Mines.
Level 5:
A delicatessen.
Level 6:
Many fountains.
Level 7:
A delicatessen, some fountains.
Stairs up to Sokoban, level 6.
Level 8:

The Gnomish Mines: levels 5 to 9

   Level 5: "sell stash >"
Level 6:
Level 7:
An altar to Kos, some fountains.
Level 8: "figurine" <- You were here.
Final resting place for
you, killed by a mountain centaur.
Level 9:
A grave.
Final resting place for
MoonPig-Tou-Hum-Fem-Neu, killed by a fire ant.

Sokoban: levels 6 up to 3

   Level 3:
Solved.
Level 4:
Solved.
Level 5:
Solved.
Level 6: "stash 0"
Solved.

Game over:

----------
/ \
/ REST \
/ IN \
/ PEACE \
/ \
| rustyspoon |
| 6339 Au |
| killed by a |
| mountain centaur |
| |
| |
| 2022 |
*| * * * | *
_________)/\\_//(\/(/\)/\//\/|_)_______

Goodbye rustyspoon the Rogue...


You died in The Gnomish Mines on dungeon level 8 with 35214 points,
and 6339 pieces of gold, after 19792 moves.
You were level 10 with a maximum of 79 hit points when you died.